Map: Dusk Towers

Players

LindyHop - Winner!

  • Race: Zerg Zerg
  • League: Platinum

Ravvy

  • Race: Terran Terran
  • League: Diamond

VOD

Have the link to the VOD?

Description

Time

  • Played on: Jan. 9, 2016, 2:44 p.m.
  • Length: 15:58
Show
View Real Time Build Order
Export as new Build Order

LindyHop Zerg - Winner!

Build Orders: Hatch First, Muta Ling Bane 

Get SALT Encoding   

  12  0:06  Drone  
  13  0:12  Overlord  
  13  0:17  Drone  
  14  0:30  Drone x2  
  16  0:38  Drone  
  17  0:53  Hatchery  
  16  0:59  Drone  
  16  1:02  Extractor  
  16  1:03  Drone  
  17  1:11  Drone  
  18  1:21  Spawning Pool  
  18  1:24  Drone  
  18  1:32  Drone  
  19  1:47  Overlord  
  19  1:56  Drone  
  20  2:08  Queen  
  19  2:09  Queen  
  19  2:11  Metabolic Boost  
  19  2:13  Zergling x2  
  24  2:16  Zergling x2  
  25  2:28  Zergling x4  
  25  2:29  Drone, Zergling x2  
  29  2:42  Roach Warren  
  28  3:00  Drone x5  
  28  3:01  Drone  
  34  3:13  Drone x2  
  36  3:23  Overlord  
  36  3:25  Overlord  
  35  3:27  Drone  
  36  3:41  Overlord  
  36  3:45  Overlord  
  36  3:47  Lair  
  36  3:50  Extractor  
  36  3:51  Drone x3  
  36  3:53  Evolution Chamber  
  37  4:03  Drone x3  
  37  4:04  Drone x2  
  41  4:18  Baneling Nest  
  41  4:19  Zerg Ground Armor Level 1  
  41  4:22  Extractor  
  41  4:23  Extractor  
  38  4:39  Queen  
  38  4:43  Drone  
  38  4:44  Drone x3  
  44  4:46  Drone  
  44  4:47  Hatchery  
  44  5:01  Drone x3  
  44  5:02  Drone x2  
  44  5:05  Drone x3  
  52  5:07  Overlord  
  52  5:13  Spore Crawler  
  51  5:18  Spine Crawler  
  50  5:27  Centrifical Hooks  
  50  5:32  Drone x2, Spire  
  51  5:42  Drone x2  
  53  5:43  Drone x3  
  53  5:45  Drone x2  
  53  5:48  Overseer  
  58  5:53  Queen  
  59  6:01  Zergling x2  
  59  6:02  Zergling x8  
  59  6:03  Baneling  
  62  6:04  Baneling x2  
  62  6:05  Baneling  
  62  6:16  Overlord  
  62  6:17  Zergling x2  
  62  6:26  Overlord x2  
  62  6:38  Roach x2  
  66  6:45  Mutalisk  
  66  6:46  Mutalisk x3  
  74  6:47  Mutalisk  
  76  6:56  Mutalisk  
  76  6:57  Mutalisk  
  80  7:02  Overlord  
  80  7:14  Hatchery  
  78  7:19  Mutalisk  
  78  7:20  Mutalisk x3  
  78  7:21  Zergling x4  
  78  7:22  Zergling x2  
  89  7:23  Zerg Flyer Weapons Level 1  
  89  7:31  Zergling x4  
  89  7:32  Zergling x2  
  92  7:41  Hydralisk Den  
  91  7:47  Zergling x2  
  91  7:51  Overlord x3  
  91  8:08  Overlord x2, Mutalisk  
  91  8:09  Mutalisk x3  
  99  8:24  Hatchery  
  98  8:28  Infestation Pit  
  98  8:30  Drone x6  
  103  8:47  Mutalisk x3  
  109  8:50  Hatchery  
  108  8:57  Mutalisk  
  108  9:00  Overlord x2  
  108  9:02  Zergling x2  
  111  9:03  Zergling x8  
  115  9:14  Mutalisk x2  
  115  9:15  Zergling x2  
  120  9:19  Baneling x2  
  120  9:21  Zergling x2  
  121  9:25  Zergling x4  
  121  9:31  Zergling x2  
  122  9:44  Zergling x12  
  112  9:48  Baneling x2  
  112  9:49  Baneling x4  
  108  9:53  Zergling x16  
  108  9:56  Baneling  
  108  9:57  Baneling x5  
  114  10:00  Zergling x4  
  114  10:04  Zergling x2  
  117  10:10  Zergling x2  
  117  10:13  Zergling x8  
  111  10:16  Zergling x6  
  113  10:28  Zerg Flyer Weapons Level 2, Zergling x6  
  113  10:30  Hive  
  113  10:35  Extractor  
  114  10:39  Extractor  
  112  10:44  Baneling x3  
  112  10:45  Baneling x7  
  112  10:46  Zergling x4  
  112  10:47  Zergling x6  
  117  10:51  Overseer  
  117  10:52  Overseer  
  117  10:54  Zergling x2  
  117  10:55  Zergling x2  
  119  10:59  Zergling x4  
  112  11:15  Zergling x2  
  112  11:16  Zergling x10  
  109  11:21  Zergling x2  
  109  11:23  Zergling x2  
  107  11:36  Corruptor  
  107  11:37  Corruptor x3  
  115  11:46  Overseer  
  115  12:02  Baneling x5  
  115  12:03  Mutalisk, Baneling x2  
  115  12:07  Drone x7  
  124  12:21  Hatchery  
  123  12:29  Mutalisk  
  123  12:30  Mutalisk x3  
  131  12:48  Greater Spire  
  131  12:52  Drone x3  
  134  13:06  Zergling x4  
  134  13:07  Hydralisk x2, Zergling x6  
  142  13:35  Overseer  
  142  13:55  Hydralisk x3  
  142  13:56  Hydralisk x8  
  163  14:17  Zergling x6  
  163  14:18  Overlord x3  
  163  14:19  Overlord  
  165  14:36  Brood Lord x3  
  171  14:39  Brood Lord  
  172  15:10  Zergling x16  
  172  15:11  Zergling x2  
  181  15:17  Baneling x14  
  156  15:28  Zergling x2  
  156  15:29  Zergling x4  
  156  15:34  Zergling x2  
  156  15:35  Zergling x4  
Show
View Real Time Build Order
Export as new Build Order

Ravvy Terran 

Build Orders:  

Get SALT Encoding   

  12  0:01  SCV  
  13  0:13  SCV  
  14  0:19  Supply Depot  
  14  0:25  SCV  
  15  0:30  Refinery  
  15  0:42  Barracks  
  15  0:46  SCV  
  16  0:58  SCV  
  17  1:10  SCV  
  18  1:22  SCV  
  19  1:29  Reaper  
  20  1:34  SCV  
  21  1:40  Command Center  
  21  1:48  Supply Depot  
  21  1:50  SCV  
  22  2:01  Factory  
  22  2:11  SCV  
  22  2:12  Barracks Reactor  
  23  2:23  SCV  
  24  2:35  SCV  
  25  2:55  Orbital Command  
  25  2:57  Bunker, Marine x2  
  27  2:58  Widow Mine  
  29  3:06  Barracks  
  29  3:14  Orbital Command  
  29  3:15  Marine x2  
  31  3:27  Widow Mine  
  32  3:34  SCV  
  32  3:40  Marine x2  
  35  3:47  SCV  
  36  3:49  Bunker  
  36  3:55  Barracks Tech Lab  
  36  3:58  Barracks  
  36  4:20  SCV x2  
  38  4:25  Marauder  
  38  4:26  Stimpack  
  38  4:30  Starport  
  40  4:35  Barracks  
  40  4:39  Marine x2  
  40  4:40  Barracks  
  40  4:45  SCV x2  
  44  4:46  Marauder  
  44  4:51  Supply Depot  
  46  4:53  Supply Depot  
  46  4:58  Barracks Reactor  
  46  5:12  SCV x2, Marine x2  
  50  5:23  Medivac  
  50  5:25  SCV x2  
  54  5:30  Marine x2  
  54  5:32  Barracks Reactor  
  56  5:35  Marine  
  56  5:36  Marine  
  56  5:37  Marauder  
  56  5:40  Barracks Tech Lab  
  60  5:47  Refinery  
  60  5:48  Supply Depot x2  
  60  5:50  Supply Depot  
  60  6:00  Marine x2  
  62  6:09  Marine x3  
  62  6:10  Marauder  
  67  6:23  Marine x2  
  67  6:24  Marine x2  
  68  6:27  SCV x2  
  68  6:28  Marauder  
  68  6:29  Refinery  
  68  6:31  Supply Depot, Marauder  
  74  6:34  Marine  
  74  6:36  Marine  
  74  6:38  Barracks  
  74  6:39  Barracks  
  76  6:41  Marine  
  76  6:57  Marine  
  76  6:58  Marine x4  
  76  6:59  Marauder x2  
  85  7:10  SCV x2, Engineering Bay  
  88  7:22  SCV  
  88  7:23  SCV  
  89  7:37  Missile Turret  
  89  7:39  Command Center, Missile Turret  
  89  7:45  Missile Turret  
  89  7:46  Missile Turret  
  89  7:47  Missile Turret, Marine x2  
  89  7:48  Missile Turret, Marine x3  
  94  8:07  Supply Depot  
  94  8:17  SCV x2  
  94  8:22  Supply Depot  
  94  8:23  Supply Depot x2  
  94  8:28  Supply Depot, Marine x7  
  94  8:29  SCV  
  102  8:44  SCV, Marauder  
  102  8:45  Missile Turret  
  105  8:48  Marine  
  105  8:49  Marine x5  
  105  8:51  Marauder  
  105  8:53  Barracks Reactor, Barracks Tech Lab  
  108  9:11  Medivac  
  110  9:21  Marine x4  
  110  9:22  Marine x2  
  110  9:23  Marauder  
  110  9:24  Marauder x2  
  113  9:51  Marine  
  113  9:52  Marine x4  
  118  9:53  Marauder x3, Marine x3  
  126  10:09  Marine  
  126  10:13  Marine  
  85  10:14  Marauder x2, Marine x7  
  85  10:17  SCV x2  
  88  10:21  Starport Reactor  
  88  10:23  Factory Reactor  
  88  10:27  SCV, Marine  
  89  10:29  SCV x2  
  89  10:32  Marine x4  
  89  10:33  Marine x4  
  98  10:38  Bunker  
  98  10:39  SCV  
  98  10:41  SCV  
  100  10:56  Marine x2  
  100  10:57  Marine x5  
  102  10:58  Marine x2  
  102  10:59  SCV, Marauder x2  
  102  11:03  Refinery  
  114  11:06  Terran Infantry Weapons Level 1  
  114  11:13  Engineering Bay  
  114  11:17  Marine  
  114  11:18  Marine x8  
  80  11:20  Marine  
  67  11:33  Widow Mine x2  
  67  11:35  Medivac x2  
  67  11:36  Marine x2  
  77  11:44  Marauder  
  77  11:47  Marine x2, Marauder  
  81  11:48  Marine x2  
  81  11:51  Terran Infantry Armor Level 1  
  83  12:05  Widow Mine  
  83  12:06  Widow Mine  
  87  12:08  Medivac x2  
  87  12:09  Marine x6  
  87  12:10  Marine x2  
  99  12:22  Marine  
  99  12:23  Marauder, Marine  
  99  12:24  SCV x2  
  97  12:34  Missile Turret  
  94  12:42  Marine x3  
  97  13:02  Armory  
  97  13:05  SCV x2, Refinery, Orbital Command  
  98  13:06  Refinery  
  98  13:08  Marine  
  100  13:17  SCV  
  101  13:27  Marine x4  
  101  13:28  Marauder, Marine x4  
  101  13:29  Marauder  
  113  13:39  Marine x2  
  114  13:50  Marine, Marauder x2  
  114  13:51  Marine x5  
  124  14:01  Thor  
  130  14:03  Marine x4  
  130  14:04  SCV  
  135  14:11  Marauder  
  135  14:23  Marine x2  
  135  14:24  Marine x4  
  141  14:34  Supply Depot  
  141  14:36  Supply Depot  
  141  14:38  Supply Depot  
  141  14:55  Marine x5  
  141  14:56  Marauder  
  141  14:57  Thor  
  154  15:07  Marine x4  
  154  15:13  Marauder  
  159  15:15  Marine  
  159  15:16  Marine x3  
Tags
 
Add a new tag
Caveats
  • Supply blocks, unpowered buildings, or Contaminate may cause inaccurate times.
  • Supply counts are checked every 10 seconds.